Map: 이터널 엠파이어 - 래더

Players

IntoTheZoun (Zoun)

  • Race: Protoss Protoss
  • League: Master
  • Spawn Location: 1:00

llllllllllll (Trap) - Winner!

  • Race: Protoss Protoss
  • League: Master
  • Spawn Location: 7:00

VOD

Have the link to the VOD?

Description

Time

  • Played on: Jan. 9, 2020, 4:29 a.m.
  • Length: 10:07
Show
View Real Time Build Order
Export as new Build Order

IntoTheZoun Protoss 

Build Orders: Oracle Opening, Zealot Archon 

Get SALT Encoding   

  12  0:00  Probe  
  13  0:12  Probe  
  14  0:17  Pylon  
  14  0:24  Probe (Chrono Boost)  
  16  0:37  Probe (Chrono Boost)  
  16  0:39  Gateway  
  16  0:43  Probe (Chrono Boost)  
  16  0:45  Assimilator  
  17  0:51  Probe  
  17  0:54  Assimilator  
  18  1:03  Probe (Chrono Boost)  
  19  1:10  Gateway  
  19  1:14  Probe (Chrono Boost)  
  20  1:18  Probe (Chrono Boost)  
  21  1:25  Cybernetics Core  
  21  1:29  Probe  
  22  1:36  Pylon  
  22  1:41  Probe  
  23  1:54  Probe  
  24  2:02  Stargate  
  24  2:03  Warp Gate  
  24  2:09  Adept  
  24  2:10  Adept  
  28  2:19  Pylon  
  28  2:24  Shield Battery  
  28  2:42  Oracle (Chrono Boost), Stalker  
  28  2:43  Shield Battery  
  30  2:50  Stalker  
  34  3:02  Pylon  
  34  3:03  Probe  
  35  3:18  Shield Battery  
  35  3:19  Probe  
  36  3:22  Oracle  
  39  3:29  Pylon  
  39  3:51  Nexus  
  37  4:02  Probe, Twilight Council  
  38  4:14  Probe, Sentry  
  41  4:18  Pylon  
  41  4:23  Sentry  
  43  4:28  Probe  
  44  4:38  Blink (Chrono Boost)  
  44  4:41  Probe (Chrono Boost)  
  45  4:54  Probe (Chrono Boost)  
  45  4:59  Shield Battery  
  46  5:03  Probe (Chrono Boost)  
  46  5:06  Probe (Chrono Boost)  
  48  5:07  Stalker  
  48  5:08  Stalker  
  48  5:13  Probe x2 (Chrono Boost)  
  54  5:18  Probe (Chrono Boost)  
  54  5:20  Probe  
  56  5:27  Forge  
  56  5:30  Probe  
  56  5:32  Probe  
  58  5:36  Gateway x2  
  58  5:43  Stalker x2  
  58  5:45  Probe  
  63  5:52  Probe  
  64  5:58  Probe  
  64  6:04  Nexus  
  65  6:09  Probe  
  65  6:10  Assimilator  
  66  6:17  Gateway  
  66  6:19  Sentry  
  66  6:20  Gateway  
  66  6:22  Charge (Chrono Boost)  
  68  6:30  Gateway  
  68  6:33  Gateway  
  68  6:36  Zealot  
  68  6:37  Templar Archives  
  70  6:49  Robotics Facility  
  70  6:53  Zealot x3  
  76  6:57  Pylon  
  76  7:03  Probe x2  
  76  7:06  Pylon  
  78  7:17  Probe x3, Pylon  
  78  7:18  Pylon  
  78  7:19  Zealot x2  
  85  7:34  High Templar x2, Zealot x4  
  97  7:39  Probe x3, Archon  
  99  7:47  Zealot  
  101  7:51  Probe  
  101  7:56  Probe x2  
  102  8:00  High Templar  
  102  8:01  High Templar  
  102  8:02  Zealot x3  
  102  8:05  Archon  
  112  8:15  Zealot x3  
  112  8:18  Shield Battery  
  112  8:19  Shield Battery  
  118  8:23  Zealot  
  118  8:24  Zealot x2  
  124  8:29  Archon  
  118  8:36  Zealot x4  
  118  8:39  Zealot  
  96  8:47  Zealot  
  96  8:48  Zealot x2  
  91  8:59  High Templar x2  
  91  9:00  Zealot x3  
  101  9:03  Archon  
  101  9:05  Zealot x2  
  101  9:16  Zealot  
  72  9:21  Zealot x4  
  70  9:27  Zealot  
  64  9:35  High Templar x2  
  68  9:39  Archon, Zealot  
  68  9:40  Zealot  
  68  9:42  Zealot  
  74  9:45  Zealot  
  76  9:52  High Templar  
  76  9:53  High Templar  
  76  9:57  Archon  
  76  10:02  Zealot  
Show
View Real Time Build Order
Export as new Build Order

llllllllllll Protoss - Winner!

Build Orders: Zealot Archon 

Get SALT Encoding   

  12  0:00  Probe  
  13  0:12  Probe  
  14  0:18  Pylon  
  14  0:24  Probe (Chrono Boost)  
  15  0:36  Probe (Chrono Boost), Gateway  
  16  0:45  Probe (Chrono Boost)  
  16  0:46  Assimilator  
  17  0:51  Probe  
  17  0:54  Assimilator  
  18  1:03  Probe (Chrono Boost)  
  19  1:07  Gateway  
  19  1:12  Probe (Chrono Boost)  
  19  1:17  Probe (Chrono Boost)  
  20  1:23  Cybernetics Core  
  21  1:29  Probe  
  22  1:36  Pylon  
  22  1:41  Probe  
  23  1:55  Probe  
  23  2:00  Stalker x2  
  23  2:01  Warp Gate  
  28  2:08  Pylon  
  28  2:30  Sentry x2  
  32  2:41  Shield Battery  
  32  2:52  Robotics Facility  
  32  2:58  Nexus  
  32  3:05  Stalker  
  34  3:08  Probe  
  35  3:18  Sentry  
  37  3:21  Pylon  
  37  3:24  Probe  
  38  3:27  Shield Battery  
  38  3:36  Probe  
  37  3:47  Shield Battery  
  37  3:48  Probe  
  38  3:51  Stalker  
  40  3:57  Stalker  
  40  4:00  Probe (Chrono Boost)  
  43  4:11  Pylon  
  43  4:12  Probe (Chrono Boost)  
  45  4:17  Observer  
  45  4:21  Probe (Chrono Boost)  
  45  4:22  Probe (Chrono Boost)  
  47  4:29  Probe (Chrono Boost)  
  47  4:30  Probe (Chrono Boost)  
  47  4:31  Stalker  
  50  4:33  Stalker  
  52  4:38  Probe x2 (Chrono Boost)  
  53  4:45  Forge  
  53  4:48  Probe (Chrono Boost)  
  53  4:49  Probe (Chrono Boost)  
  55  4:57  Probe (Chrono Boost)  
  55  4:58  Probe (Chrono Boost)  
  57  5:00  Assimilator  
  57  5:05  Assimilator  
  58  5:08  Probe (Chrono Boost)  
  58  5:10  Probe (Chrono Boost)  
  58  5:13  Immortal  
  63  5:14  Probe  
  63  5:19  Protoss Ground Weapons Level 1 (Chrono Boost)  
  64  5:23  Pylon  
  64  5:26  Probe x2  
  66  5:35  Twilight Council  
  66  5:38  Probe  
  66  5:39  Probe  
  66  5:42  Pylon  
  68  5:50  Probe  
  68  5:52  Immortal  
  73  5:58  Adept x2  
  77  6:13  Charge  
  77  6:14  Templar Archives  
  77  6:16  Gateway  
  77  6:18  Gateway  
  77  6:31  Gateway  
  77  6:34  Gateway  
  77  6:37  Gateway x2  
  77  6:44  Warp Prism (Chrono Boost)  
  77  6:51  High Templar x2  
  83  6:54  Pylon  
  83  7:01  Archon  
  83  7:02  Pylon  
  83  7:04  Photon Cannon  
  83  7:06  Pylon  
  83  7:16  High Templar x2  
  83  7:20  Archon  
  87  7:32  Nexus  
  87  7:33  Zealot x3  
  92  7:41  High Templar x2  
  92  7:42  Zealot  
  98  7:46  Archon  
  98  7:49  Zealot  
  98  7:50  Zealot  
  100  8:05  Pylon  
  98  8:06  High Templar x2  
  98  8:07  Pylon  
  98  8:11  Archon  
  98  8:23  Zealot x5  
  98  8:25  Zealot  
  86  8:45  Zealot x5  
  90  8:50  High Templar x2  
  90  8:55  Archon, Zealot  
  94  9:13  Zealot x4  
  90  9:18  Zealot x2  
  82  9:24  Zealot  
  82  9:28  Zealot  
  78  9:38  High Templar x4  
  80  9:40  Zealot  
  80  9:42  Archon  
  80  9:43  Archon  
  86  9:45  Zealot  
  86  9:48  Zealot  
  90  9:54  Zealot  
Tags
 
Add a new tag
Caveats
  • Supply blocks, unpowered buildings, or Contaminate may cause inaccurate times.
  • Supply counts are checked every 10 seconds.